 Dungeon Crawl Stone Soup version 0.27-a0-951-gae3e1deef5 (webtiles) character file.

Game seed: 12540570422010538335

616 spiderkeys the Sneak (level 7, -1/43 HPs)
             Began as a Kobold Hunter on Apr 12, 2021.
             Slain by an iguana (11 damage)
             ... on level 5 of the Dungeon.
             The game lasted 00:10:11 (5402 turns).

spiderkeys the Sneak (Kobold Hunter)                Turns: 5402, Time: 00:10:13

Health: -1/43      AC:  5    Str:  9    XL:     7   Next: 73%
Magic:  7/7        EV: 15    Int: 12    God:
Gold:   939        SH:  5    Dex: 18    Spells: 6/6 levels left

rFire    . . .     SeeInvis +   a - +2 hand crossbow
rCold    . . .     Faith    .   r - +0 buckler
rNeg     . . .     Spirit   .   c - +0 leather armour
rPois    +         Reflect  .   j - +0 helmet
rElec    .         Harm     .   (no cloak)
rCorr    .         Rampage  .   (no gloves)
Will     .....                  s - +0 pair of boots
Stlth    ++++......             (no amulet)
HPRegen  0.14/turn              e - ring of see invisible
MPRegen  0.10/turn              n - ring of poison resistance

@: no status effects
A: small, no large weapons, nightstalker 3
a: no special abilities


You were on level 5 of the Dungeon.
You visited 1 branch of the dungeon, and saw 5 of its levels.

You collected 939 gold pieces.

Inventory:

Hand Weapons
 a - a +2 hand crossbow (weapon)
 b - a +0 short sword
Missiles
 d - 66 bolts (quivered ammo)
 k - 2 atropa-tipped darts
 o - 3 curare-tipped darts
 t - a throwing net
Armour
 c - a +0 leather armour (worn)
 j - a +0 helmet (worn)
 r - a +0 buckler (worn)
 s - a +0 pair of boots (worn)
Jewellery
 e - a ring of see invisible (left hand)
 n - a ring of poison resistance (right hand)
Wands
 h - a wand of random effects (21)
Scrolls
 l - a scroll of magic mapping
 u - 3 scrolls of immolation
 w - 2 scrolls of amnesia {unknown}
Potions
 f - a potion of heal wounds
 g - 2 potions of lignification
 i - 2 potions of magic
 m - a potion of curing
 p - a potion of ambrosia {unknown}
 q - a potion of haste
 x - a potion of attraction {unknown}


   Skills:
 + Level 4.2 Fighting
 + Level 5.5 Short Blades
 - Level 5.0 Crossbows
 + Level 4.1 Dodging
 + Level 6.0 Stealth
 + Level 1.2 Shields


You had 6 spell levels left.
You didn't know any spells.
Your spell library was empty.

Dungeon Overview and Level Annotations

Branches:
Dungeon (5/15)
 Temple: D:4-7

Altars:
Elyvilon
Ru

Annotations:
D:5 1 runed translucent door


Innate Abilities, Weirdness & Mutations

You are small and have problems with some larger weapons.
You are completely attuned to the shadows.


Message History

You climb downwards.
Level annotation: 1 runed translucent door
There is a stone staircase leading up here.
An iguana comes into view.
The iguana barely misses you.
You hit the iguana but do no damage. The iguana bites you.
You barely miss the iguana. The iguana barely misses you.
You hit the iguana.
The iguana is lightly wounded.
You barely miss the iguana.
The iguana is lightly wounded.
The iguana bites you!
a - a +2 hand crossbow (weapon)
You block the iguana's attack.
You shoot a bolt. The bolt closely misses the iguana.
You block the iguana's attack.
You shoot a bolt. The bolt barely misses the iguana.
The iguana bites you! The iguana bites you.
You are too injured to fight recklessly!
You are too injured to fight recklessly!
You are too injured to fight recklessly!
Fire: 69 bolts
Press: ? - help, Q - select action, (/) - cycle Shift-Dir - straight line, f/p - iguana
Aim: an iguana (lightly wounded, 73% to hit)
You shoot a bolt. The bolt hits the iguana.
The iguana is lightly wounded.
You block the iguana's attack.
Fire: 68 bolts
Press: ? - help, Q - select action, (/) - cycle Shift-Dir - straight line, f/p - iguana
Aim: an iguana (lightly wounded, 73% to hit)
You shoot a bolt. The bolt hits the iguana.
The iguana is moderately wounded.
The iguana bites you!
* * * LOW HITPOINT WARNING * * *
Fire: 67 bolts
Press: ? - help, Q - select action, (/) - cycle Shift-Dir - straight line, f/p - iguana
Aim: an iguana (moderately wounded, 73% to hit)
You shoot a bolt. The bolt closely misses the iguana.
The iguana completely misses you. The iguana bites you!
You die...

##.## ### .....
##.## #.##
#@#.#######.###...
#l###.#...........#
#.# ##..####.#.....
#(# ##.# ##...#
##.# ##.## .###.##
#.###.## .......
#.#.## ####.## #.##
##'## #.# ##...#


You could see an iguana.

Vanquished Creatures
  Menkaure (D:5)
  The ghost of spiderkeys the Sneak, an amateur OpBr of Xom (D:3)
  A scorpion (D:4)
  Natasha (thrice) (D:2)
  Terence (D:2)
  2 orc wizards
  A hound skeleton (D:5)
  5 gnolls
  5 adders
  4 worms
  4 dart slugs
  8 orcs
  7 endoplasms
  4 giant cockroaches
  9 goblins
  3 hobgoblins
  6 jackals (D:1)
  2 quokkas (D:1)
  10 ball pythons
  7 bats
  5 frilled lizards
  3 kobolds
  5 rats
97 creatures vanquished.

Notes
Turn   | Place    | Note
-------+----------+-------------------------------------------
     0 | D:1      | spiderkeys the Kobold Hunter began the quest for the Orb.
     0 | D:1      | Reached XP level 1. HP: 12/12 MP: 1/1
    10 | D:1      | Found a faded altar of an unknown god.
   132 | D:1      | Reached skill level 1 in Short Blades
   132 | D:1      | Reached XP level 2. HP: 13/18 MP: 2/2
   239 | D:1      | Reached skill level 5 in Crossbows
   331 | D:1      | Reached skill level 2 in Stealth
   331 | D:1      | Reached XP level 3. HP: 13/22 MP: 3/3
   888 | D:1      | Reached XP level 4. HP: 27/27 MP: 4/4
  1221 | D:2      | Noticed Terence
  1230 | D:2      | Killed Terence
  1231 | D:2      | Reached skill level 3 in Stealth
  1618 | D:2      | Noticed Natasha
  1680 | D:2      | Killed Natasha
  1681 | D:2      | Reached XP level 5. HP: 16/32 MP: 5/5
  2106 | D:2      | Noticed Natasha
  2110 | D:2      | Killed Natasha
  2111 | D:2      | Reached skill level 4 in Stealth
  2469 | D:2      | Noticed Natasha
  2473 | D:2      | Killed Natasha
  2655 | D:3      | Reached XP level 6. HP: 24/37 MP: 6/6
  2841 | D:3      | Found a runed translucent door.
  2841 | D:3      | Noticed spiderkeys's ghost (amateur OpBr)
  3381 | D:3      | Killed spiderkeys's ghost
  3382 | D:3      | Reached skill level 5 in Stealth
  3760 | D:4      | Reached skill level 5 in Short Blades
  3828 | D:4      | Found a white marble altar of Elyvilon.
  3887 | D:4      | Reached XP level 7. HP: 13/42 MP: 7/7
  4181 | D:4      | Found a sacrificial altar of Ru.
  4412 | D:4      | Identified a scroll of acquirement
  4412 | D:4      | Acquired 787 gold pieces
  4449 | D:5      | Entered Level 5 of the Dungeon
  4873 | D:5      | Noticed Menkaure
  4875 | D:5      | Killed Menkaure
  4876 | D:5      | Reached skill level 1 in Shields
  4978 | D:5      | Reached skill level 6 in Stealth
  5088 | D:5      | Found a runed translucent door.
  5402 | D:5      | Slain by an iguana

Illustrated notes

Levels and vault maps discovered:
D:1:      minmay_arrival_semitransparent, layout_rooms,
          hellmonk_ecumenical_altar_run_dry, minmay_octomino_j4
D:2:      layout_basic, minmay_fractal_squares_gapless_5, uniq_terence,
          uniq_natasha
D:3:      layout_rooms, hellmonk_ghost_happy_afterlife
D:4:      layout_rooms, nicolae_ru_awakened_eye, kennysheep_little_box
D:5:      layout_loops_corners, vehumet_crystals, lightli_church_of_beogh,
          uniq_menkaure

Skill      XL: |  1  2  3  4  5  6  7 |
---------------+----------------------+-----
Short Blades   | 1 2 3 4 5 |  5.5
Crossbows      | 5 |  5.0
Stealth        | 2 3 4 5 6 |  6.0
Fighting       | 3 4 |  4.2
Dodging        | 3 4 |  4.1
Shields        | 1 |  1.2

Action                   |  1- 3 |  4- 6 |  7- 9 || total
-------------------------+-------+-------+-------++-------
Melee: Short sword       |    74 |   121 |    37 ||   232
 Fire: Hand crossbow     |    12 |    45 |    32 ||    89
  Use: Potion            |       |     1 |     1 ||     2
       Scroll            |       |     6 |     3 ||     9
 Stab: Sleeping          |    10 |    20 |     2 ||    32
Armor: Leather armour    |    18 |    30 |    17 ||    65
Dodge: Dodged            |    74 |    80 |    41 ||   195
Block: Buckler           |       |     2 |    15 ||    17

Table legend: (Time is in decaauts)
 A = Elapsed time spent in this place.
 B = Non-inter-level travel time spent in this place.
 C = Inter-level travel time spent in this place.
 D = Time resting spent in this place.
 E = Time spent auto-exploring this place.
 F = Levels seen in this place.
 G = Mean time per level.
                   A        B        C        D        E       F      G
               +--------+--------+--------+--------+--------+-----+--------+
         Total |   5393 |   5101 |    292 |     72 |   4171 |   5 | 1078.6 |
       Dungeon |   5393 |   5101 |    292 |     72 |   4171 |   5 | 1078.6 |
               +--------+--------+--------+--------+--------+-----+--------+

Top non-repeatable levels by time:
     D:2: 1570 daAuts
     D:4: 1082 daAuts
     D:1: 1062 daAuts
     D:5: 862 daAuts
     D:3: 814 daAuts
